 Dungeon Crawl Stone Soup version 0.30-a0-782-ge64f9170bb (webtiles) character file.

Game seed: 6699762245478993169

1 mopl the Vexing (level 1, -3/10 HPs)
             Began as a Deep Elf Enchanter on Mar 7, 2023.
             Slain by a kobold
             ... wielding a +0 dagger
              (4 damage)
             ... on level 1 of the Dungeon.
             The game lasted 00:00:08 (17 turns).

mopl the Vexing (Deep Elf Enchanter)                  Turns: 17, Time: 00:00:09

Health: -3/10      AC:  2    Str:  5    XL:     1   Next: 16%
Magic:  6/6        EV: 12    Int: 19    God:
Gold:   6          SH:  0    Dex: 15    Spells: 6/6 levels left

rFire   . . .      SeeInvis .    a - +1 dagger
rCold   . . .      Faith    .    (no shield)
rNeg    . . .      Spirit   .    b - +0 robe
rPois   .          Reflect  .    (no helmet)
rElec   .          Harm     .    (no cloak)
rCorr   .          Rampage  .    (no gloves)
Will    .....                    (no boots)
Stlth   ++                       (no amulet)
HPRegen 0.21/turn                (no ring)
MPRegen 0.10/turn                (no ring)

@: no status effects
A: no striking features
a: no special abilities


You were on level 1 of the Dungeon.
You visited 1 branch of the dungeon, and saw 1 of its levels.

You collected 6 gold pieces.

Inventory:

Hand Weapons
 a - a +1 dagger (weapon)
Armour
 b - a +0 robe (worn)
Potions
 c - 2 potions of invisibility


   Skills:
 + Level 1.0 Short Blades
 - Level 2.4 Dodging
 + Level 3.6 Stealth
 + Level 3.0 Spellcasting
 + Level 4.0 Hexes


You had 6 spell levels left.
You didn't know any spells.
Your spell library contained the following spells:

 Spells                   Type           Power      Damage    Failure   Level
 Confusing Touch          Hex            18%        N/A       9%          3
 Tukima's Dance           Hex            18%        N/A       9%          3
 Ensorcelled Hibernation  Hex/Ice        20%        N/A       10%         2
 Dazzling Flash           Conj/Hex       20%        N/A       21%         3


Dungeon Overview and Level Annotations

Branches:
Dungeon (1/15)

Altars:


Message History

The heart of this dungeon contains the marvelous artefact, the Orb of Zot.
Press ? for a list of commands and other information.
Found 22 gold pieces and a scroll labelled JEBYOCL OCUNNYN.
Found two stairs.
Found a short sword and a sling.
You now have 6 gold pieces.
A ball python comes into view.
A ball python is nearby!
Found 5 stones.
Found a green potion and a dagger.
A kobold comes into view. It is wielding a +0 dagger.
The ball python hisses angrily.
The ball python misses you. The ball python grabs you.
The ball python constricts you.
The ball python bites you but does no damage.
The ball python constricts you.
You barely miss the ball python.
The kobold shouts!
The ball python bites you. The ball python constricts you.
You hit the ball python.
The ball python is moderately wounded.
The ball python bites you. The ball python constricts you.
You are too injured to fight recklessly!
You are too injured to fight recklessly!
You escape the ball python's grasp.
The kobold hits you but does no damage. The ball python barely misses you.
The ball python grabs you. The ball python constricts you.
You hit the ball python. Your punch misses the ball python.
The ball python is severely wounded.
The kobold barely misses you. The ball python bites you.
* * * LOW HITPOINT WARNING * * *
The ball python constricts you.
* * * LOW HITPOINT WARNING * * *
You hit the ball python.
You kill the ball python!
The kobold hits you with a +0 dagger.
* * * LOW HITPOINT WARNING * * *
You hit the kobold but do no damage. The kobold hits you but does no damage.
You closely miss the kobold. The kobold hits you with a +0 dagger.
You die...

#..............
#..............
).............
.......!#....
#.......... ..
#....#.... #.(..
#.†K.)######......
#@.........##.....
..#............#....
.................#...
...........$.......#?.
....................#..
.....................#
....##.......#.......#
.... #......#........#
#......#.#......#


You could see a kobold.

Vanquished Creatures
  A ball python (D:1)
1 creature vanquished.

Notes
Turn   | Place    | Note
-------+----------+-------------------------------------------
     0 | D:1      | mopl the Deep Elf Enchanter began the quest for the Orb.
     0 | D:1      | Reached XP level 1. HP: 10/10 MP: 6/6
    17 | D:1      | Slain by a kobold

Illustrated notes

Levels and vault maps discovered:
D:1:      dpeg_arrival_solitude, layout_rooms, serial_forest,
          infiniplex_forest_lined_3, infiniplex_forest_diagonal,
          infiniplex_forest_clump_double, infiniplex_forest_clump_cross,
          infiniplex_forest_corner_1, infiniplex_forest_straight_4

Action                     || total
---------------------------++-------
  Melee: Dagger            ||     6
 Armour: Robe              ||     3
  Dodge: Dodged            ||     3

Table legend: (Time is in decaauts)
 A = Elapsed time spent in this place.
 B = Non-inter-level travel time spent in this place.
 C = Inter-level travel time spent in this place.
 D = Time resting spent in this place.
 E = Time spent auto-exploring this place.
 F = Levels seen in this place.
 G = Mean time per level.
                   A        B        C        D        E       F      G
               +--------+--------+--------+--------+--------+-----+--------+
         Total |     16 |     16 |      0 |      0 |      4 |   1 |   16.0 |
       Dungeon |     16 |     16 |      0 |      0 |      4 |   1 |   16.0 |
               +--------+--------+--------+--------+--------+-----+--------+

Top non-repeatable levels by time:
     D:1: 16 daAuts
